 Dungeon Crawl Stone Soup version 0.28-a0-429-g1448048969 (webtiles) character file.

Game seed: 13471031400321932211

224 jasper the Stinger (level 5, -3/35 HPs)
             Began as a Demonspawn Venom Mage on Sept 12, 2021.
             Slain by Pikel (5 damage)
             ... while paralysed by Pikel
             ... on level 4 of the Dungeon.
             The game lasted 00:10:33 (4225 turns).

jasper the Stinger (Demonspawn Venom Mage)          Turns: 4225, Time: 00:10:33

Health: -3/35      AC:  5    Str:  9    XL:     5   Next: 67%
Magic:  8/10       EV:  2    Int: 19    God:
Gold:   109        SH:  0    Dex: 13    Spells: 2/10 levels left

rFire   . . .      SeeInvis .   (no weapon)
rCold   . . .      Faith    .   (no shield)
rNeg    . . .      Spirit   .   a - +0 robe
rPois   .          Reflect  .   (helmet restricted)
rElec   .          Harm     .   d - +2 cloak
rCorr   .          Rampage  .   (no gloves)
Will    .....                   (no boots)
Stlth   ++........              (no amulet)
HPRegen 0.11/turn               (no ring)
MPRegen 0.12/turn               (no ring)

@: paralysed
A: antennae 1, powered by death 1, big brain 1
a: no special abilities


You were on level 4 of the Dungeon.
You visited 1 branch of the dungeon, and saw 4 of its levels.

You collected 109 gold pieces.

Inventory:

Missiles
 i - 70 stones
Armour
 a - a +0 robe (worn)
 d - a +2 cloak (worn)
 f - a +0 leather armour of fire resistance
Magical Staves
 c - a staff of fire
Jewellery
 b - an amulet of the acrobat
Wands
 j - a wand of acid (8)
Scrolls
 g - a scroll of identify
 h - a scroll of magic mapping
Potions
 e - 2 potions of attraction


   Skills:
 - Level 1.7 Dodging
 - Level 1.7 Stealth
 + Level 3.3 Spellcasting
 + Level 1.8 Conjurations
 - Level 2.0 Transmutations
 + Level 1.5 Air Magic
 + Level 4.2 Poison Magic


You had 2 spell levels left.
You knew the following spells:

 Your Spells              Type           Power      Damage    Failure   Level
a - Sting                 Tmut/Pois      60%        1d6       4%          1
b - Mephitic Cloud        Conj/Pois/Air  12%        N/A       16%         3
c - Olgreb's Toxic Radia  Pois           19%        N/A       26%         4

Your spell library contained the following spells:

 Spells                   Type           Power      Damage    Failure   Level
 Poisonous Vapours        Pois/Air       28%        N/A       7%          2


Dungeon Overview and Level Annotations

Branches:
Dungeon (4/15)             Temple (0/1) D:4

Altars:
Dithmenos

Shops:
D:4 :

Annotations:
D:4 Pikel


Innate Abilities, Weirdness & Mutations

You have a pair of small antennae on your head.
You regenerate a little health from kills.
You have an unusually large brain. (Int +2)


Message History

Press: ? - help, Q - select action, (/) - cycle Shift-Dir - straight line, f/p - Pikel
Aim: Pikel, wielding a +2 whip of flaming, wearing a +1 robe of positive energy and carrying a wand of paralysis (4) (moderately wounded, poisoned, 67% to hit)
The sting hits Pikel.
Pikel looks even sicker.
Pikel is heavily wounded.
You now have 8/10 mp.
Aiming: Sting (safe; 4% risk of failure)
Press: ? - help, Q - select action, (/) - cycle Shift-Dir - straight line, f/p - Pikel
Aim: Pikel, wielding a +2 whip of flaming, wearing a +1 robe of positive energy and carrying a wand of paralysis (4) (heavily wounded, very poisoned, 67% to hit)
The sting misses Pikel.
You now have 7/10 mp.
Aiming: Sting (safe; 4% risk of failure)
Press: ? - help, Q - select action, (/) - cycle Shift-Dir - straight line, f/p - Pikel
Aim: Pikel, wielding a +2 whip of flaming, wearing a +1 robe of positive energy and carrying a wand of paralysis (4) (heavily wounded, very poisoned, 67% to hit)
The sting hits Pikel but does no damage.
Pikel looks even sicker.
Pikel is heavily wounded.
Pikel zaps a wand.
You suddenly lose the ability to move!
Pikel hits you with a +2 whip of flaming!
Pikel burns you.
You can move again.
You take 11 damage, and have 24/35 hp.
MASSIVE DAMAGE!!
You now have 6/10 mp.
Unknown command.
Unknown command.
Unknown command.
Unknown command.
Pikel zaps a wand.
You suddenly lose the ability to move!
You can move again.
Pikel zaps a wand.
You suddenly lose the ability to move!
Pikel hits you with a +2 whip of flaming.
Pikel burns you.
Pikel hits you with a +2 whip of flaming.
Pikel burns you.
Pikel hits you with a +2 whip of flaming.
Pikel burns you.
Pikel zaps a wand.
You resist with some effort.
The now-empty wand crumbles to dust.
Pikel hits you with a +2 whip of flaming!
* * * LOW HITPOINT WARNING * * *
Pikel burns you.
You die...

#......##......######
#...............#....
#...............#....
#...<...........+....
#......#######.##..##
#......##...##†##..##
#............#.....#.
#...K........#.....#.
#...@........#.....#.
#............#.....#.
#............#.....#.
#...........<#.....#.
#............#.....#.
#......##...##.######
###'#####'####.##..##
#....................
#....................


You could see Pikel (poisoned).

Vanquished Creatures
  A sky beast (D:4)
  2 lemures
  A hound (D:4)
  An orc wizard (D:3)
  2 adders
  2 dart slugs
  2 orcs
  6 ball pythons
  7 endoplasms
  4 giant cockroaches
  3 goblins
  7 hobgoblins
  2 kobolds (D:1)
  2 quokkas
  5 bats
  A frilled lizard (D:2)
  3 rats
51 creatures vanquished.

Vanquished Creatures (collateral kills)
  A hobgoblin (D:1)
  A bat (D:1)
  A goblin (D:1)
  A kobold (D:1)
4 creatures vanquished.

Grand Total: 55 creatures vanquished

Notes
Turn   | Place    | Note
-------+----------+-------------------------------------------
     0 | D:1      | jasper the Demonspawn Venom Mage began the quest for the
                  | Orb.
     0 | D:1      | Reached XP level 1. HP: 13/13 MP: 3/3
    37 | D:1      | Reached skill level 1 in Transmutations
   432 | D:1      | Gained mutation: You have an unusually large brain. (Int
                  | +2) [demonic ancestry]
   432 | D:1      | Reached XP level 2. HP: 3/19 MP: 3/5
  1707 | D:2      | Found a shadowy altar of Dithmenos.
  1761 | D:2      | Gained mutation: You have a pair of small antennae on your
                  | head. [demonic ancestry]
  1761 | D:2      | Reached XP level 3. HP: 24/24 MP: 1/6
  3073 | D:3      | Learned a level 3 spell: Mephitic Cloud
  3235 | D:3      | Gained mutation: You regenerate a little health from kills.
                  | [demonic ancestry]
  3235 | D:3      | Reached XP level 4. HP: 18/30 MP: 1/8
  3560 | D:4      | Reached skill level 1 in Conjurations
  3560 | D:4      | Reached skill level 1 in Air Magic
  3595 | D:4      | Learned a level 4 spell: Olgreb's Toxic Radiance
  3620 | D:4      | Reached skill level 4 in Poison Magic
  3708 | D:4      | Found Symitreb's Book Shoppe.
  3710 | D:4      | Noticed a sky beast
  3729 | D:4      | Killed a sky beast
  3730 | D:4      | Reached XP level 5. HP: 35/35 MP: 5/10
  3941 | D:4      | Noticed a lemure
  3971 | D:4      | Killed a lemure
  4043 | D:4      | Found a staircase to the Ecumenical Temple.
  4043 | D:4      | Noticed Pikel
  4050 | D:4      | Noticed a lemure
  4051 | D:4      | Noticed a lemure
  4051 | D:4      | Noticed a lemure
  4111 | D:3      | Killed a lemure
  4212 | D:4      | Paralysed by Pikel for 2 turns
  4216 | D:4      | Paralysed by Pikel for 2 turns
  4219 | D:4      | Paralysed by Pikel for 7 turns
  4225 | D:4      | Slain by Pikel

Illustrated notes

Levels and vault maps discovered:
D:1:      scummos_arrival_simple_fountains, layout_rooms
D:2:      layout_basic, basic_altar, amcnicky_mini_corridor_feature
D:3:      layout_basic, nicolae_wu_jian_glorious_leap,
          nicolae_elyvilon_temple_path, grunt_ministairs_14
D:4:      layout_gridville, minmay_temple_entry_stoned_glass, serial_shops,
          shop, minmay_misc_feat_columns, minivault_4, uniq_pikel

Skill      XL: |  1  2  3  4 |
---------------+-------------+-----
Transmutations | 1 2 |  2.0
Spellcasting   | 3 |  3.3
Conjurations   | 1 |  1.8
Air Magic      | 1 |  1.5
Poison Magic   | 4 |  4.2
Dodging        | |  1.7
Stealth        | |  1.7

Action                   |  1- 3 |  4- 6 || total
-------------------------+-------+-------++-------
Melee: Unarmed           |    10 |       ||    10
 Cast: Sting             |    90 |    48 ||   138
       Mephitic Cloud    |     1 |     1 ||     2
  Use: Scroll            |     9 |     2 ||    11
Armor: Robe              |    24 |     7 ||    31
Dodge: Dodged            |    53 |    22 ||    75

Table legend: (Time is in decaauts)
 A = Elapsed time spent in this place.
 B = Non-inter-level travel time spent in this place.
 C = Inter-level travel time spent in this place.
 D = Time resting spent in this place.
 E = Time spent auto-exploring this place.
 F = Levels seen in this place.
 G = Mean time per level.
                   A        B        C        D        E       F      G
               +--------+--------+--------+--------+--------+-----+--------+
         Total |   4227 |   4182 |     45 |   1188 |   2294 |   4 | 1056.8 |
       Dungeon |   4227 |   4182 |     45 |   1188 |   2294 |   4 | 1056.8 |
               +--------+--------+--------+--------+--------+-----+--------+

Top non-repeatable levels by time:
     D:2: 1706 daAuts
     D:1: 1276 daAuts
     D:4: 640 daAuts
     D:3: 604 daAuts
